 Dungeon Crawl Stone Soup version 0.23.2-1-ga50397a6bc (webtiles) character file.

Game seed: 15468379356631055714

375 Peloso the Shield-Bearer (level 6, -4/53 HPs)
             Began as a Minotaur Fighter on May 27, 2019.
             Slain by a large abomination (28 damage)
             ... on level 1 of the Abyss.
             The game lasted 00:09:02 (2955 turns).

Peloso the Shield-Bearer (Minotaur Fighter)         Turns: 2955, Time: 00:09:03

Health: -4/53      AC: 12    Str: 21    XL:     6   Next: 44%
Magic:  5/5        EV: 11    Int:  5    God:
Gold:   242        SH:  7    Dex: 11    Spells: 5/5 levels left

rFire    + . .     SeeInvis .   a - +0 long sword
rCold    . . .     Gourm    .   c - +2 buckler {rF+}
rNeg     . . .     Faith    .   l - quicksilver dragon scales
rPois    .         Spirit   .   s - +1 hat
rElec    .         Reflect  .   (no cloak)
rCorr    .         Harm     .   (no gloves)
MR       +....                  (no boots)
Stlth    +.........             (no amulet)
HPRegen  0.17/turn              (no ring)
MPRegen  0.09/turn              (no ring)

@: no status effects
A: retaliatory headbutt, horns 2
a: no special abilities


You were on level 1 of the Abyss.
You were hungry.

You visited 1 branch of the dungeon, and saw 4 of its levels.
You visited the Abyss 1 time.

You collected 242 gold pieces.

Inventory:

Hand Weapons
 a - a +0 long sword (weapon)
Armour
 b - a +0 scale mail
 c - a +2 buckler of fire resistance (worn)
 l - quicksilver dragon scales (worn)
 s - a +1 hat (worn)
Jewellery
 v - an uncursed ring of magical power {unknown}
Scrolls
 e - a scroll of fear {unknown}
 g - a scroll of blinking {unknown}
 h - 4 scrolls of identify {unknown}
 i - 3 scrolls of remove curse {unknown}
 j - a scroll of amnesia {unknown}
 k - 4 scrolls of enchant armour {unknown}
 m - 3 scrolls of magic mapping {unknown}
 n - a scroll of fog {unknown}
 q - 2 scrolls of teleportation {unknown}
 x - 3 scrolls of immolation {unknown}
Potions
 o - 2 potions of flight {unknown}
 p - 2 potions of degeneration {unknown}
 r - a potion of agility {unknown}
 t - a potion of cancellation {unknown}
 u - a potion of curing {unknown}
Comestibles
 f - 8 rations


   Skills:
 + Level 4.3 Fighting
 + Level 5.3 Long Blades
 + Level 5.1 Armour
 + Level 1.1 Dodging
 + Level 0.3 Stealth
 + Level 5.5 Shields


You had 5 spell levels left.
You didn't know any spells.
Your spell library was empty.

Dungeon Overview and Level Annotations

Branches:
Dungeon (4/15)
 Temple: D:4-7

Altars:
Fedhas
Vehumet


Innate Abilities, Weirdness & Mutations

You reflexively headbutt those who attack you in melee.
You have a pair of horns on your head.


Message History

A large abomination comes into view.
A large abomination is nearby!
A large abomination comes into view.
You are feeling hungry.
You block the large abomination's attack.
You slash the large abomination!
The large abomination is moderately damaged.
The large abomination hits you!
You completely miss the large abomination.
The large abomination is moderately damaged.
You block the large abomination's attack.
You hit the large abomination but do no damage.
The large abomination is moderately damaged.
The large abomination hits you!
Okay, then.
You hit the large abomination.
The large abomination is moderately damaged.
The large abomination hits you!!
Ouch! That really hurt!
You die...

### .## .... ≈≈
#..... . # . ≈
## #.#### .# ≈
. ≈ #
#.###.##..#.#≈
≈ ≈≈ .. #..X #
# # ≈.. # ####
###########..
.#.# .
......#... ....
..# .## #
#.#.#####.###.#
. #.#.#.#@#.
#..
...#.#.X##..
... #
#.####.#...#
.#....# #
#.....# ....
#.####....
..... #..
...... . .. ###
..... .... ....


You could see a large abomination.

Vanquished Creatures
  An ogre (D:4)
  A scorpion (D:4)
  Terence (D:2)
  A worker ant (D:4)
  An iguana (D:4)
  A hound skeleton (D:4)
  5 gnolls
  4 adders
  2 oozes
  A worm (D:2)
  A dart slug (D:4)
  4 leopard geckos
  3 orcs (D:4)
  3 ball pythons
  4 bats
  2 giant cockroaches
  4 goblins
  3 hobgoblins
  5 jackals
  A quokka (D:2)
  5 frilled lizards
  A kobold (D:1)
  7 rats
61 creatures vanquished.

Notes
Turn   | Place    | Note
-------+----------+-------------------------------------------
     0 | D:1      | Peloso the Minotaur Fighter began the quest for the Orb.
     0 | D:1      | Reached XP level 1. HP: 19/19 MP: 0/0
    51 | D:1      | Reached XP level 2. HP: 23/27 MP: 1/1
   578 | D:2      | Noticed Terence
   584 | D:2      | Killed Terence
   584 | D:2      | Reached XP level 3. HP: 33/33 MP: 2/2
   846 | D:2      | Reached XP level 4. HP: 39/40 MP: 3/3
  1708 | D:2      | Reached skill level 5 in Shields
  2219 | D:3      | Found a radiant altar of Vehumet.
  2219 | D:3      | Found a blossoming altar of Fedhas.
  2319 | D:4      | Reached XP level 5. HP: 46/46 MP: 4/4
  2426 | D:4      | Noticed an ogre
  2614 | D:4      | Killed an ogre
  2614 | D:4      | Reached skill level 1 in Dodging
  2614 | D:4      | Reached XP level 6. HP: 42/52 MP: 5/5
  2617 | D:4      | Reached skill level 5 in Long Blades
  2638 | D:4      | Reached skill level 5 in Armour
  2838 | D:4      | Cast into level 1 of the Abyss (gnoll)
  2860 | Abyss:1  | Noticed an ancient zyme
  2920 | Abyss:1  | Noticed a large abomination
  2939 | Abyss:1  | Noticed a large abomination
  2955 | Abyss:1  | Slain by a large abomination

Skill      XL: |  1  2  3  4  5  6 |
---------------+-------------------+-----
Shields        | 4 5 |  5.5
Long Blades    | 3 4 5 |  5.3
Armour         | 4 5 |  5.1
Fighting       | 4 |  4.3
Dodging        | 1 |  1.1
Stealth        | |  0.3

Action                   |  1- 3 |  4- 6 || total
-------------------------+-------+-------++-------
Melee: Long sword        |    50 |    71 ||   121
       Headbutt          |     7 |    19 ||    26
  Use: Potion            |       |     2 ||     2
  Eat: Chunk             |       |     6 ||     6
Armor: Scale mail        |     4 |       ||     4
       Quicksilver drago |    12 |    36 ||    48
Dodge: Dodged            |    25 |    36 ||    61
Block: Shield            |     8 |       ||     8
       Buckler           |    15 |    35 ||    50
       Rpst.: Long sword |     8 |    11 ||    19
